 Dungeon Crawl Stone Soup version 0.16-a0-309-g112360f (webtiles) character file.

70067 Amnekian the Bludgeoner (level 15, -9/183 HPs)
             Began as an Ogre Berserker on June 14, 2014.
             Was a Follower of Okawaru.
             Mangled by a deep troll (32 damage)
             ... summoned by the rage of Trog
             ... on Level 11 of the Dungeon on Aug 31, 2014.
             The game lasted 03:16:55 (25285 turns).

Amnekian the Bludgeoner (Ogre Berserker)           Turns: 25285, Time: 03:16:56

HP  -9/183       AC 13     Str 26      XL: 15   Next: 32%
MP  18/18        EV 20     Int  7      God: Okawaru [*.....]
Gold 1480        SH  0     Dex 16      Spells:  0 memorised, 15 levels left

rFire  + . .     SeeInvis .     u - +7 giant club "Gheyb" {crush, rElec Stlth-}
rCold  + . .     Clarity  .     S - +2 robe of Impatience {+Blink rF+ rC+ Dex+3}
rNeg   . . .     rCorr    .     (shield restricted)
rPois  .         rRot     .     D - +2 hat
rElec  +         Spirit   .     B - +1 cloak
SustAb .         Warding  .     (gloves unavailable)
rMut   +         Stasis   .     (boots unavailable)
Gourm  .                        h - amulet of resist mutation
MR     ++...                    z - ring of protection from magic
                                e - +4 ring of protection

@: heroism, very resistant to hostile enchantments, very unstealthy
A: unfitting armour, tough skin 1
a: Heroism, Renounce Religion, Evoke Blink


You were on level 11 of the Dungeon.
You worshipped Okawaru.
Okawaru was aware of your devotion.
You were not hungry.

You visited 5 branches of the dungeon, and saw 23 of its levels.
You visited 1 bazaar.
You also visited: Ossuary.

You collected 1730 gold pieces.
You spent 250 gold pieces at shops.

Inventory:

Hand weapons
 u - the +7 giant club "Gheyb" (weapon) {crush, rElec Stlth-}
   (Trog gifted it to you on level 11 of the Dungeon)

   It inflicts extra damage upon your enemies.
   It insulates you from electricity.
   It makes you less stealthy.
 x - the +6 dire flail of Trog's Righteous Fury {flame, rElec rF+ SInv}
   (Trog gifted it to you on level 7 of the Lair of Beasts)

   It emits flame when wielded, causing extra injury to most foes and up to
   double damage against particularly susceptible opponents.
   It protects you from fire.
   It insulates you from electricity.
   It enhances your eyesight.
Missiles
 X - 11 large rocks (quivered)
Armour
 B - a +1 cloak (worn)
 D - a +2 hat (worn)
 I - the -2 robe of the Gate {MR+}
   (You bought it in a shop in a bazaar)

   It affects your resistance to hostile enchantments.
 S - the +2 robe of Impatience (worn) {+Blink rF+ rC+ Dex+3}
   (You bought it in a shop in a bazaar)

   It affects your dexterity (+3).
   It protects you from fire.
   It protects you from cold.
   It lets you blink.
Magical devices
 f - a wand of digging (6)
 i - a wand of fireball (0)
 p - a wand of heal wounds (6) {unknown}
 r - a wand of disintegration (2)
 H - a wand of fire (7)
 M - a wand of slowing (24)
 P - a wand of cold (3)
 V - a wand of digging (5)
Comestibles
 a - 18 fruits
 b - 4 chunks of yak flesh
 c - 8 meat rations
Scrolls
 n - a scroll of holy word
 o - 9 scrolls of remove curse
 v - 2 scrolls of blinking
 y - 12 scrolls of teleportation
 G - a scroll of torment {unknown}
Jewellery
 e - a +4 ring of protection (left hand)
 h - an amulet of resist mutation (around neck)
 z - a ring of protection from magic (right hand)
 A - an uncursed ring of fire
Potions
 d - 11 potions of curing
 j - 2 potions of invisibility
 l - 7 potions of brilliance
 q - a potion of magic {unknown}
 C - 6 potions of heal wounds
 F - 3 potions of haste
 J - a potion of resistance {unknown}
 O - 2 potions of might {unknown}
 R - a potion of cancellation {unknown}
 U - a potion of agility {unknown}
Miscellaneous
 s - a stone of tremors
 Q - an ornate deck of wonders


   Skills:
 - Level 20.0(25.0) Fighting
 + Level 20.4(25.4) Maces & Flails
 - Level 6.0(11.0) Throwing
 - Level 10.7(15.7) Dodging
 - Level 0.9 Spellcasting


You had 15 spell levels left.
You didn't know any spells.

Dungeon Overview and Level Annotations

Branches:
Dungeon (11/15)            Temple (1/1) D:4             Orc (2/4) D:10
   Lair (8/8) D:8           Swamp (0/5) Lair:3        Snake (1/5) Lair:3
  Slime (0/6) Lair:7

Altars:
Ashenzari
Cheibriados
Dithmenos
Elyvilon
Fedhas
Gozag
Kikubaaqudgha
Makhleb
Nemelex Xobeh
Okawaru
Qazlal
Sif Muna
Trog
Vehumet
Xom
Yredelemnul
Zin
The Shining One
Jiyva

Shops:
D:11 (**

Annotations:
D:2 Terence
Lair:7 exclusion: oklob plant


Innate Abilities, Weirdness & Mutations

You are too large for most types of armour.
You have tough skin (AC +1).


Message History

The polar bear misses you.
You hear an angry growl.
The polar bear misses you. The polar bear completely misses you.
The polar bear closely misses you.
You open the door. The deep troll barely misses you. The deep troll misses you.
The deep troll misses you. The polar bear bites you. The polar bear claws you.
The polar bear claws you but does no damage.
The deep troll bites you!!
* * * LOW HITPOINT WARNING * * *
The deep troll claws you!
* * * LOW HITPOINT WARNING * * *
The deep troll completely misses you. The polar bear bites you!
* * * LOW HITPOINT WARNING * * *
The polar bear claws you but does no damage.
The polar bear barely misses you. The polar bear completely misses you.
The polar bear misses you. The polar bear completely misses you.
There is an open door here.
The deep troll bites you!!
You die...

#.# ###.# #..h......#.# #.# #...#
####.######.### ..## #.### #.#
#.... ...########.### ##'## #####
....##........# ##...## ##
....##.####.#.# ##.....## #.
....##.# #...# ##h......## ##.
...###.####...####h........####..
................@TOO.......'.....
>..###.##.#...####..∩.....)####..
##># #.##.##..# ##.......## #..
#.# #.##.###.# ##..........#..
#.# #........# ##...#######.. ..#
####.##### #..... #.. ### #.#
#..#### #.# #.# #..#####.##.# #.#
#..##<......#


You could see a deep troll (berserk), 2 polar bears, a two-headed ogre (berserk)
and an ogre (berserk).

Vanquished Creatures
  A dire elephant (Lair:7)
  Snorg (Lair:4)
  The ghost of Argons the Martial Artist, a powerful DrHe of Elyvilon (Lair:3)
  Fannar (Orc:2)
  Harold (Lair:6)
  4 hydras
  Erica (Lair:4)
  13 death yaks
  The ghost of Psiweapon the Cruncher, an experienced GrGl of Xom (Lair:1)
  3 hill giants
  An orc knight (D:10)
  3 griffons
  An ugly thing (D:11)
  21 elephants
  Maurice (Orc:1)
  The ghost of Crauler the Insei, an experienced DrTm (Ossuary)
  3 black mambas
  A naga mage (Lair:3)
  13 spiny frogs
  A feature mimic (Lair:5)
  Psyche (D:11)
  6 komodo dragons
  2 fire drakes
  4 trolls
  2 giant leeches (Lair:8)
  Sonja (D:10)
  3 polar bears
  Prince Ribbit (D:4)
  25 blink frogs
  A two-headed ogre (D:11)
  A basilisk (Lair:3)
  2 deep elf magi
  46 yaks
  A trapdoor spider (Lair:6)
  A wraith (D:11)
  Eustachio (D:4)
  9 removed
  MONS_SHARKs Grum (D:11)
  2 deep elf fighters
  A naga (Snake:1)
  17 wolves
  8 hippogriffs
  A warg (Orc:2)
  8 porcupines
  A sky beast (D:10)
  2 ice beasts (D:10)
  18 water moccasins
  5 vampire mosquitoes (Lair:8)
  12 orc warriors
  A phantom (D:4)
  A necrophage (D:9)
  A black bear (D:11)
  9 centaurs
  2 boring beetles
  9 ogres
  15 crocodiles
  Sigmund (D:6)
  2 elf zombies (Ossuary)
  42 giant frogs
  2 big kobolds
  2 elf skeletons
  7 scorpions
  18 killer bees
  3 goliath beetles
  2 electric eels (Lair:8)
  5 crimson imps
  2 centaur zombies (Ossuary)
  A quasit (D:11)
  4 removed
  MONS_BIG_FISHs (Lair:8)
  9 orc priests
  Crazy Yiuf (D:3)
  A human zombie (Ossuary)
  7 iguanas
  A yellow wasp zombie (D:8)
  A giant frog skeleton (D:8)
  7 hounds
  A centaur skeleton (D:4)
  7 worker ants
  15 sheep
  7 orc wizards
  3 big kobold zombies (Ossuary)
  A sky beast zombie (D:6)
  3 hound zombies (Ossuary)
  2 mummies
  A gnoll (D:1)
  21 adders
  81 green rats
  A steam dragon skeleton (D:10)
  2 giant mites
  An inept feature mimic (D:7)
  2 adder zombies (Ossuary)
  6 giant geckos
  73 orcs
  3 ball pythons (D:1)
  2 bat skeletons (D:7)
  5 giant cockroaches
  A gnoll zombie (Ossuary)
  17 goblins
  11 hobgoblins
  15 jackals
  25 kobolds
  2 oozes
  7 quokkas
  25 bats
  A giant gecko zombie (D:5)
  3 giant newts
  A giant spore (D:4)
  2 goblin zombies (Ossuary)
  7 hobgoblin zombies (Ossuary)
  A jackal skeleton (D:7)
  4 jackal zombies (Ossuary)
  2 kobold zombies (Ossuary)
  5 orc skeletons
  3 orc zombies
  2 quokka skeletons
  5 quokka zombies (Ossuary)
  22 rats
  2 ballistomycetes
812 creatures vanquished.

Vanquished Creatures (collateral kills)
  Maud (Lair:3)
  A hydra (Lair:3)
  2 death yaks (Lair:5)
  A komodo dragon (Lair:4)
  A naga (Snake:1)
  A boring beetle (Lair:3)
7 creatures vanquished.

Vanquished Creatures (others)
  A deep troll (Snake:1)
  2 ogres
  A giant spore (D:11)
  A hobgoblin skeleton (D:4)
  A rat (D:4)
  5 fungi
  A plant (Lair:4)
12 creatures vanquished.

Grand Total: 831 creatures vanquished

Notes
Turn   | Place    | Note
--------------------------------------------------------------
     0 | D:1      | Amnekian, the Ogre Berserker, began the quest for the Orb.
     0 | D:1      | Reached XP level 1. HP: 24/24 MP: 1/1
   178 | D:1      | Reached XP level 2. HP: 20/32 MP: 2/2
   418 | D:1      | Reached skill level 5 in Maces & Flails
   479 | D:1      | Reached XP level 3. HP: 28/39 MP: 3/3
   505 | D:1      | Acquired Trog's second power
   908 | D:2      | Reached skill level 6 in Maces & Flails
  1035 | D:2      | Found a shimmering altar of Xom.
  1069 | D:2      | Reached XP level 4. HP: 45/48 MP: 4/4
  1207 | D:2      | Noticed Terence
  1874 | D:3      | Reached skill level 7 in Maces & Flails
  2476 | D:3      | Noticed Crazy Yiuf
  2485 | D:3      | Killed Crazy Yiuf
  2485 | D:3      | Reached XP level 5. HP: 54/54 MP: 0/6
  2771 | D:4      | Noticed a phantom
  2841 | D:4      | Noticed Eustachio
  2843 | D:4      | Noticed Prince Ribbit
  3184 | D:4      | Noticed an ogre
  3188 | D:4      | Reached skill level 8 in Maces & Flails
  3188 | D:4      | Reached XP level 6. HP: 62/62 MP: 7/7
  3194 | D:4      | Killed an ogre
  3194 | D:4      | Reached skill level 9 in Maces & Flails
  3293 | D:4      | Killed a phantom
  3405 | D:4      | Found a staircase to the Ecumenical Temple.
  3588 | D:4      | Killed Eustachio
  3588 | D:4      | Reached skill level 10 in Maces & Flails
  3588 | D:4      | Reached XP level 7. HP: 70/70 MP: 8/8
  3596 | D:4      | Upgraded the game from 0.15-a0-1485-g692b94f to 0.15-a0-1506-g1b030bc
  3698 | D:4      | Killed Prince Ribbit
  3698 | D:4      | Reached skill level 11 in Maces & Flails
  3907 | Temple   | Entered the Ecumenical Temple
  3987 | D:5      | Entered Level 5 of the Dungeon
  4150 | D:5      | Reached XP level 8. HP: 18/78 MP: 9/9
  4263 | D:5      | Reached skill level 12 in Maces & Flails
  4580 | D:5      | Found a sand-covered staircase.
  4587 | Ossuary  | Entered an ossuary
  4641 | Ossuary  | Reached skill level 5 in Fighting
  4666 | Ossuary  | Noticed Crauler's ghost (experienced DrTm)
  4687 | Ossuary  | Killed Crauler's ghost
  5233 | D:5      | Reached XP level 9. HP: 95/98 MP: 10/10
  5642 | D:6      | Reached skill level 10 in Fighting
  5837 | D:6      | Found a stormy altar of Qazlal.
  5838 | D:6      | Found a burning altar of Makhleb.
  5861 | D:6      | Found an ancient bone altar of Kikubaaqudgha.
  5893 | D:6      | Found a radiant altar of Vehumet.
  5994 | D:6      | Found a glowing golden altar of the Shining One.
  6041 | D:6      | Found an iron altar of Okawaru.
  6043 | D:6      | Noticed Sigmund
  6061 | D:6      | Killed Sigmund
  6076 | D:6      | Found a bloodstained altar of Trog.
  6166 | D:6      | Acquired Trog's third power
  6202 | D:6      | Found a deep blue altar of Sif Muna.
  6599 | D:7      | Found a shadowy altar of Dithmenos.
  6609 | D:7      | Found a sparkling altar of Nemelex Xobeh.
  6613 | D:7      | Reached skill level 13 in Maces & Flails
  6984 | D:7      | Found a shattered altar of Ashenzari.
  7106 | D:8      | Reached skill level 14 in Maces & Flails
  7115 | D:8      | Reached XP level 10. HP: 105/114 MP: 12/12
  7499 | D:8      | Found a staircase to the Lair.
  7781 | D:8      | Received a gift from Trog
  7942 | D:8      | Found a sparkling altar of Nemelex Xobeh.
  8045 | D:9      | Found a bloodstained altar of Trog.
  8057 | D:9      | Reached skill level 5 in Dodging
  8092 | D:9      | Found a basalt altar of Yredelemnul.
  8254 | D:9      | Found a glowing golden altar of the Shining One.
  8490 | D:9      | Found a snail-covered altar of Cheibriados.
  8739 | D:10     | Entered Level 10 of the Dungeon
  8967 | Lair:1   | Entered Level 1 of the Lair of Beasts
  9342 | Lair:1   | Noticed a five-headed hydra
  9353 | Lair:1   | Killed a five-headed hydra
  9353 | Lair:1   | Reached XP level 11. HP: 124/124 MP: 13/13
  9466 | Lair:1   | Noticed Psiweapon's ghost (experienced GrGl)
  9521 | Lair:1   | Killed Psiweapon's ghost
 10415 | Lair:2   | Reached skill level 1 in Throwing
 10822 | Lair:2   | Reached skill level 15 in Maces & Flails
 11459 | Lair:3   | Found a staircase to the Snake Pit.
 11505 | Lair:3   | Noticed Maud
 11581 | Lair:3   | Received a gift from Trog
 11587 | Lair:3   | Noticed Argons' ghost (powerful DrHe)
 11603 | Lair:3   | Killed Argons' ghost
 11651 | Lair:3   | Noticed an eight-headed hydra
 11656 | Lair:3   | Killed a nine-headed hydra
 11656 | Lair:3   | Reached skill level 5 in Throwing
 11680 | Lair:3   | Found a staircase to the Swamp.
 11764 | Lair:3   | Reached XP level 12. HP: 88/133 MP: 14/14
 11789 | Lair:3   | Reached skill level 16 in Maces & Flails
 12774 | Lair:3   | Reached skill level 17 in Maces & Flails
 12904 | Lair:3   | Noticed a five-headed hydra
 13014 | Lair:4   | Noticed a death yak
 13014 | Lair:4   | Noticed a death yak
 13014 | Lair:4   | Noticed a death yak
 13014 | Lair:4   | Noticed a death yak
 13014 | Lair:4   | Noticed a death yak
 13025 | Lair:3   | Killed a death yak
 13034 | Snake:1  | Entered Level 1 of the Snake Pit
 13034 | Snake:1  | Noticed a naga warrior
 13449 | Lair:3   | Killed Maud
 13470 | Lair:4   | Reached skill level 18 in Maces & Flails
 13615 | Lair:4   | Received a gift from Trog
 13686 | Lair:4   | Noticed Snorg
 13691 | Lair:4   | Killed Snorg
 13949 | Lair:4   | Noticed Erica
 13964 | Lair:4   | Killed Erica
 13964 | Lair:4   | Received a gift from Trog
 14000 | Lair:4   | Killed a death yak
 14011 | Lair:4   | Killed a death yak
 14011 | Lair:4   | Reached skill level 19 in Maces & Flails
 14011 | Lair:4   | Reached XP level 13. HP: 119/141 MP: 15/15
 14014 | Lair:4   | Killed a death yak
 14020 | Lair:4   | Killed a death yak
 14635 | Lair:5   | Reached skill level 20 in Maces & Flails
 14990 | Lair:5   | Received a gift from Trog
 15443 | Lair:5   | Identified a scroll of acquirement
 15780 | Lair:6   | Received a gift from Trog
 15844 | Lair:6   | Noticed Harold
 15856 | Lair:6   | Killed Harold
 16204 | Lair:3   | Killed a five-headed hydra
 16792 | Lair:6   | Reached skill level 15 in Fighting
 17540 | Lair:7   | Found a viscous altar of Jiyva.
 17542 | Lair:7   | Found a staircase to the Slime Pits.
 17690 | Lair:7   | Received a gift from Trog
 17812 | Lair:7   | Noticed a dire elephant
 17847 | Lair:7   | Killed a dire elephant
 17847 | Lair:7   | Reached XP level 14. HP: 96/163 MP: 16/16
 19102 | Lair:7   | Received a gift from Trog
 19106 | Lair:7   | Got a dazzling dire flail {god gift}
 19107 | Lair:7   | Identified the +6,+6 dire flail of Trog's Righteous Fury {flame, rElec rF+ SInv} (Trog gifted it to you on level 7 of the Lair of Beasts)
 19113 | Lair:8   | Entered Level 8 of the Lair of Beasts
 19603 | Lair:8   | Got an ancient whip
 19911 | Lair:8   | Identified the +10,+8 whip of Teorea {freeze, -Tele rF++ Dex+4} (You found it on level 8 of the Lair of Beasts)
 20013 | Lair:8   | Received a gift from Trog
 20530 | Lair:8   | Got an ichor-stained cloak
 20534 | Lair:8   | Identified the +1 cloak of Immorality {+Blink rF+ Int-4} (You found it on level 8 of the Lair of Beasts)
 21348 | Lair:1   | Upgraded the game from 0.15-a0-1506-g1b030bc to 0.15-a0-1537-ge1f089e
 21348 | Lair:1   | Upgraded the game from 0.15-a0-1537-ge1f089e to 0.16-a0-253-g996e5b4
 21398 | Lair:1   | Found a white marble altar of Elyvilon.
 21479 | Lair:1   | Upgraded the game from 0.16-a0-253-g996e5b4 to 0.16-a0-259-g9aa467b
 21891 | D:10     | Noticed a hill giant
 22025 | D:9      | Received a gift from Trog
 22030 | D:10     | Killed a hill giant
 22190 | D:10     | Found a staircase to the Orcish Mines.
 22206 | D:10     | Noticed Sonja
 22230 | D:10     | Killed Sonja
 22230 | D:10     | Reached XP level 15. HP: 112/183 MP: 18/18
 22651 | D:10     | Noticed a hill giant
 22657 | D:10     | Killed a hill giant
 23001 | D:11     | Reached skill level 10 in Dodging
 23350 | D:11     | Found a flickering gateway to a bazaar.
 23359 | Bazaar   | Entered a bazaar
 23359 | Bazaar   | Found Shiqe's Weapon Boutique.
 23359 | Bazaar   | Found Qestrily's Book Boutique.
 23410 | Bazaar   | Found Popoiq's Antique Armour Boutique.
 23418 | Bazaar   | Bought a wizard robe for 125 gold pieces
 23418 | Bazaar   | Bought a smoking robe for 125 gold pieces
 23429 | Bazaar   | Identified the -2 robe of the Gate {MR+} (You bought it in a shop in a bazaar)
 23439 | Bazaar   | Identified the +2 robe of Impatience {+Blink rF+ rC+ Dex+3} (You bought it in a shop in a bazaar)
 23469 | Bazaar   | Found Yvofix's Antique Weapon Shop.
 23510 | D:11     | Found Koenaj's General Store.
 23616 | D:11     | Found Jiarch's Weapon Emporium.
 23617 | D:11     | Noticed Grum
 23635 | D:11     | Received a gift from Trog
 23657 | D:11     | Killed Grum
 23788 | D:11     | Received a gift from Trog
 23811 | D:11     | Got a transparent giant club {god gift}
 23812 | D:11     | Identified the +7 giant club "Gheyb" {crush, rElec Stlth-} (Trog gifted it to you on level 11 of the Dungeon)
 23813 | D:11     | Upgraded the game from 0.16-a0-259-g9aa467b to 0.16-a0-305-g9782ec1
 23813 | D:11     | Upgraded the game from 0.16-a0-305-g9782ec1 to 0.16-a0-309-g112360f
 24073 | D:6      | Fell from the grace of Trog
 24073 | D:6      | Became a worshipper of Warmaster Okawaru
 24223 | Orc:1    | Entered Level 1 of the Orcish Mines
 24223 | Orc:1    | Found a shimmering altar of Xom.
 24515 | Orc:1    | Noticed Maurice
 24541 | Orc:1    | Killed Maurice
 24705 | Orc:2    | Noticed Fannar
 24734 | Orc:2    | Killed Fannar
 25197 | D:10     | Acquired Okawaru's first power
 25244 | D:11     | Found Ohequrchit's General Store.
 25244 | D:11     | Noticed Psyche
 25251 | D:11     | Killed Psyche
 25285 | D:11     | Mangled by a deep troll

Action                   |  1- 3 |  4- 6 |  7- 9 | 10-12 | 13-15 || total
-------------------------+-------+-------+-------+-------+-------++-------
Melee: Mace              |   159 |    95 |       |       |       ||   254
       Whip              |       |    49 |       |       |       ||    49
       Giant club        |       |    19 |   342 |   138 |   123 ||   622
       Giant spiked club |       |       |       |   499 |   375 ||   874
       Dire flail        |       |       |       |       |   488 ||   488
Throw: Stone             |     3 |    13 |    21 |       |     4 ||    41
       Tomahawk          |       |       |    19 |    53 |    78 ||   150
       Large rock        |       |       |       |       |    28 ||    28
       Javelin           |       |       |       |       |     1 ||     1
       Throwing net      |       |       |       |       |     1 ||     1
Invok: Berserk           |     1 |     3 |     2 |     5 |     3 ||    14
       Brothers in Arms  |       |       |       |     7 |     1 ||     8
       Heroism           |       |       |       |       |     1 ||     1
Evoke: Wand              |       |       |       |     2 |     6 ||     8
  Use: Scroll            |       |     7 |     6 |    13 |     2 ||    28
       Potion            |       |       |       |       |     2 ||     2
 Stab: Distracted        |       |       |     1 |     1 |     1 ||     3
       Sleeping          |       |       |     1 |     1 |     2 ||     4
  Eat: Chunk             |       |       |       |       |    11 ||    11
       Fruit             |       |       |       |       |     3 ||     3
